 Dungeon Crawl Stone Soup version 0.21-a0-229-g3587535 (webtiles) character file.

4498 Musica the Slinger (level 10, -2/69 HPs)
             Began as a Halfling Hunter on Sept 1, 2017.
             Was a Believer of Kikubaaqudgha.
             Succumbed to an orc warrior's poison
             ... on level 9 of the Dungeon.
             The game lasted 00:49:27 (9624 turns).

Musica the Slinger (Halfling Hunter)                Turns: 9624, Time: 00:49:27

Health: -2/69      AC: 12    Str: 13    XL:     10   Next: 65%
Magic:  17/17      EV: 14    Int:  9    God:    Kikubaaqudgha [**....]
Gold:   654        SH:  5    Dex: 19    Spells: 16/18 levels left

rFire    + . .     SeeInvis .   Z - +3 dagger (drain)
rCold    + . .     Gourm    .   D - +0 buckler
rNeg     . . .     Faith    .   (no armour)
rPois    +         Spirit   .   t - +1 helmet
rElec    +         Reflect  .   W - +2 cloak {MR+}
rCorr    +         Harm     .   (no gloves)
MR       +....                  p - +1 pair of boots {Fly}
Stlth    ++++......             (no amulet)
HPRegen  0.21/turn              E - +5 ring of protection
MPRegen  0.15/turn              K - ring of stealth

@: lethally poisoned (-2 -> -34), resistant, flying
A: mutation resistance 1
a: Receive Corpses, Renounce Religion, Stop Flying


You were on level 9 of the Dungeon.
You worshipped Kikubaaqudgha.
Kikubaaqudgha was pleased with you.
You were very full.

You visited 3 branches of the dungeon, and saw 12 of its levels.

You collected 826 gold pieces.
You spent 172 gold pieces at shops.

Inventory:

Hand Weapons
 a - a +1 hunting sling
 v - a +1 dagger of speed
 w - a +0 shortbow
 C - a +1 dagger of venom
 Z - a +3 dagger of draining (weapon)
Missiles
 c - 2 poisoned tomahawks
 d - 11 sling bullets
 h - 242 stones
 n - 74 arrows
 r - 155 bolts
 A - 12 tomahawks
 F - 7 poisoned needles
 Y - 4 steel tomahawks (quivered)
Armour
 p - a +1 pair of boots of flying (worn)
 t - a +1 helmet (worn)
 D - a +0 buckler (worn)
 T - a +1 chain mail of fire resistance
 W - a +2 cloak of magic resistance (worn)
Magical Staves
 J - an uncursed staff of summoning
Jewellery
 e - an uncursed amulet of the gourmand
 i - an uncursed amulet of faith
 E - a +5 ring of protection (left hand)
 I - an uncursed ring of protection from magic
 K - a ring of stealth (right hand)
 P - an uncursed ring of protection from magic
Wands
 m - a wand of polymorph (15/24)
 y - a wand of flame (22/48)
 B - a wand of lightning (0/15)
 G - a wand of clouds (0/9)
 R - a wand of polymorph (4/24)
Scrolls
 j - 2 scrolls of enchant armour {unknown}
 k - 7 scrolls of remove curse
 l - 4 scrolls of teleportation
 z - a scroll of magic mapping {unknown}
 H - 2 scrolls of recharging
 M - 6 scrolls of identify
 S - a scroll of random uselessness {unknown}
Potions
 o - 2 potions of flight
 s - 4 potions of lignification
 Q - a potion of cancellation
Books
 q - Kikubaaqudgha's Guide on Black Arts
   (Kikubaaqudgha gifted it to you on level 8 of the Dungeon)

   Spells                             Type                      Level
   a - Pain                           Necromancy                   1
   b - Corpse Rot                     Necromancy                   2
   c - Sublimation of Blood           Necromancy                   2
   d - Vampiric Draining              Necromancy                   3
   e - Control Undead                 Necromancy                   4
 u - a book of Cantrips

   Spells                             Type                      Level
   a - Confusing Touch                Hexes                        1
   b - Animate Skeleton               Necromancy                   1
   c - Summon Small Mammal            Summoning                    1
   d - Apportation                    Translocation                1
 U - a book of Conjurations

   Spells                             Type                      Level
   a - Magic Dart                     Conjuration                  1
   b - Searing Ray                    Conjuration                  2
   c - Dazzling Spray                 Conjuration/Hexes            3
   d - Fulminant Prism                Conjuration/Hexes            4
   e - Force Lance                    Conjuration/Translocation    4
   f - Iskenderun's Mystic Blast      Conjuration                  4
Miscellaneous
 X - a sack of spiders
Comestibles
 f - 6 bread rations
 g - 4 meat rations
 O - 6 fruits


   Skills:
 + Level 6.4 Fighting
 + Level 5.8 Short Blades
 - Level 12.9 Slings
 - Level 2.1 Dodging
 - Level 4.2 Stealth
 * Level 4.8 Spellcasting
 * Level 3.6 Necromancy


You had 16 spell levels left.
You knew the following spells:

 Your Spells              Type           Power        Failure   Level  Hunger
a - Animate Skeleton      Necr           N/A          9%          1    #......
b - Pain                  Necr           #...         9%          1    #......


Dungeon Overview and Level Annotations

Branches:
Dungeon (10/15)            Temple (1/1) D:7            Lair (0/6) D:10
    Orc (1/2) D:9

Altars:
Ashenzari
Cheibriados
Dithmenos
Elyvilon
Fedhas
Gozag
Hepliaklqana
Kikubaaqudgha
Makhleb
Nemelex Xobeh
Okawaru
Qazlal
Ru
Sif Muna
Trog
Uskayaw
Vehumet
Wu Jian
Xom
Yredelemnul
Zin
The Shining One

Shops:
D:5 *

Annotations:
D:9 Mandevil's ghost, novice HuHu


Innate Abilities, Weirdness & Mutations

You are small and have problems with some larger weapons.
You are somewhat resistant to further mutation.


Message History

* * * LOW HITPOINT WARNING * * *
You feel sick.
The orc warrior hits you with a trident of venom!
* * * LOW HITPOINT WARNING * * *
You are more poisoned.
You closely miss the orc warrior.
The orc warrior is almost dead.
* * * LOW HITPOINT WARNING * * *
You feel sick. The orc closely misses you.
It was a potion of resistance.
You feel protected.
* * * LOW HITPOINT WARNING * * *
You feel very sick. The orc warrior closely misses you.
The orc hits you but does no damage.
Unknown command.
As you read the scroll of fear, it crumbles to dust.
You assume a fearsome visage.
The hungry ghost is unaffected.
The orc looks frightened!
The orc warrior looks frightened!
You die...
Kikubaaqudgha rasps: "You have failed me!
Welcome... death!"

#.#####.########.######.#######
#.Z.Z..............)...........
#.########.........############
###.# #.........# .Z..#
#.........# ###.# ##.........#
#.# #..........# #.#
#.....oo...## #.# #.....@.....#
###.#######...........###########
)...............W................
###...................[..........
#..............................
#....................[.........
#..............................
###..........##..####<...........
.................................


You could see a hungry ghost, an orc warrior (fleeing) and an orc (fleeing).

Vanquished Creatures
  A two-headed ogre (D:9)
  2 wargs
  A water moccasin (D:9)
  4 orc warriors
  4 ice beasts
  A black bear (D:9)
  2 sky beasts
  4 ogres
  A tengu (D:4)
  2 centaurs
  A bullfrog (D:8)
  A scorpion (D:6)
  A howler monkey (D:6)
  A crimson imp (D:5)
  3 jellies
  2 bullfrog zombies
  A quasit (D:9)
  2 hounds
  12 orc priests
  13 orc wizards
  2 iguanas
  3 worker ants
  Terence (D:2)
  A hound skeleton (D:4)
  Robin (D:4)
  3 gnolls (D:5)
  9 adders
  A shadow imp (D:6)
  An ooze (D:7)
  A worm (D:3)
  3 dart slugs
  6 leopard geckos
  51 orcs
  2 giant cockroaches
  14 goblins
  6 hobgoblins
  5 jackals
  2 quokkas
  A ball python (D:4)
  7 bats
  6 frilled lizards
  A jackal zombie (D:7)
  4 kobolds
  A leopard gecko skeleton (D:7)
  7 rats
198 creatures vanquished.

Vanquished Creatures (collateral kills)
  A hippogriff (D:9)
  An orc warrior (Orc:1)
  An ice beast (D:8)
  A centaur (D:9)
  2 bullfrogs (D:9)
  A scorpion (D:8)
  A bullfrog zombie (D:8)
  A hound (D:8)
  4 orcs
13 creatures vanquished.

Grand Total: 211 creatures vanquished

Notes
Turn   | Place    | Note
-------+----------+-------------------------------------------
     0 | D:1      | Musica the Halfling Hunter began the quest for the Orb.
     0 | D:1      | Reached XP level 1. HP: 14/14 MP: 1/1
    15 | D:1      | Reached skill level 6 in Slings
    89 | D:1      | Reached XP level 2. HP: 19/19 MP: 2/2
   495 | D:1      | Reached XP level 3. HP: 23/24 MP: 3/3
   732 | D:2      | Reached skill level 7 in Slings
   969 | D:2      | Reached XP level 4. HP: 24/29 MP: 4/4
  1101 | D:2      | Found a bloodstained altar of Trog.
  1267 | D:2      | Noticed Terence
  1273 | D:2      | Killed Terence
  1273 | D:2      | Reached skill level 8 in Slings
  1537 | D:3      | Reached XP level 5. HP: 32/34 MP: 5/5
  1784 | D:3      | Found a glowing golden altar of the Shining One.
  2226 | D:3      | Reached skill level 1 in Short Blades
  2575 | D:3      | Reached XP level 6. HP: 34/41 MP: 6/6
  2582 | D:4      | Reached skill level 9 in Slings
  2625 | D:4      | Found a radiant altar of Vehumet.
  2790 | D:4      | Noticed an ogre
  2795 | D:4      | Noticed a tengu
  2795 | D:4      | an ogre changed into a tengu
  2797 | D:4      | Killed a tengu
  2797 | D:4      | Reached XP level 7. HP: 24/46 MP: 7/7
  3143 | D:4      | Found a shattered altar of Ashenzari.
  3148 | D:4      | Reached skill level 10 in Slings
  3185 | D:5      | Entered Level 5 of the Dungeon
  3259 | D:4      | Noticed Robin
  3283 | D:4      | Killed Robin
  3934 | D:5      | Found Kyosifulau's Assorted Antiques.
  3939 | D:5      | Bought a pair of glowing boots for 172 gold pieces
  3965 | D:5      | Reached skill level 11 in Slings
  3965 | D:5      | Reached XP level 8. HP: 39/54 MP: 8/8
  4698 | D:5      | Found a shimmering altar of Xom.
  4700 | D:5      | Found an ornate altar of the Wu Jian Council.
  4700 | D:5      | Found a blossoming altar of Fedhas.
  4702 | D:5      | Found a snail-covered altar of Cheibriados.
  4702 | D:5      | Found a hazy altar of Hepliaklqana.
  4702 | D:5      | Found an ornate altar of the Wu Jian Council.
  5121 | D:6      | Reached skill level 12 in Slings
  5876 | D:7      | Found a sparkling altar of Nemelex Xobeh.
  5879 | D:7      | Found an ancient bone altar of Kikubaaqudgha.
  5888 | D:7      | Learned a level 1 spell: Animate Skeleton
  5915 | D:7      | Found a white marble altar of Elyvilon.
  5921 | D:7      | Became a worshipper of Kikubaaqudgha
  5961 | D:7      | Reached skill level 5 in Fighting
  5968 | D:7      | Reached XP level 9. HP: 26/61 MP: 9/9
  6386 | D:7      | Found a shadowy altar of Dithmenos.
  6424 | D:7      | Reached skill level 1 in Spellcasting
  6539 | D:7      | Found a staircase to the Ecumenical Temple.
  6550 | Temple   | Entered the Ecumenical Temple
  7268 | D:9      | Found a staircase to the Orcish Mines.
  8010 | D:8      | Reached skill level 1 in Necromancy
  8019 | D:8      | Reached * piety under Kikubaaqudgha
  8019 | D:8      | Identified Kikubaaqudgha's Guide on Black Arts (Kikubaaqudgha gifted it to you on level 8 of the Dungeon)
  8019 | D:8      | Received a gift from Kikubaaqudgha
  8054 | D:8      | Learned a level 1 spell: Pain
  8121 | D:9      | Noticed a hippogriff
  8137 | D:9      | Killed a hippogriff
  8137 | D:9      | Reached skill level 5 in Short Blades
  8184 | D:9      | Noticed a two-headed ogre
  8200 | D:9      | Killed a two-headed ogre
  8200 | D:9      | Reached XP level 10. HP: 22/68 MP: 13/15
  8274 | D:9      | Noticed Mandevil's ghost (novice HuHu)
  8387 | D:10     | Entered Level 10 of the Dungeon
  8390 | D:10     | Noticed a death yak
  8392 | D:10     | Found a staircase to the Lair.
  9158 | D:10     | Noticed a death yak
  9212 | Orc:1    | Entered Level 1 of the Orcish Mines
  9420 | Orc:1    | Reached ** piety under Kikubaaqudgha
  9566 | Orc:1    | Noticed an orc warlord
  9614 | Orc:1    | Noticed an orc knight
  9623 | D:9      | HP: 1/69 [poisoned by an orc warrior]
  9624 | D:9      | Succumbed to an orc warrior's poison

Vault maps used:
D:1:      scummos_arrival_hexagon
D:2:      lightli_temple_of_fire, first_bread, uniq_terence
D:3:      eino_tiny_chamber, tso_altar
D:4:      vehumet_altar_wand_db, ashenzari_altar_1, uniq_robin
D:5:      serial_shops, shop, doesnt_xom_only_xom
D:6:      kennysheep_diamond, kennysheep_donut
D:7:      kennysheep_little_box, gammafunk_temple_overflow_forgotten,
          temple_pool_b
D:9:      david_orc_3
D:10:     dpeg_lair_monsters
Temple:   regret_index_temple_generic_petals

Skill      XL: |  1  2  3  4  5  6  7  8  9 10 |
---------------+-------------------------------+-----
Slings         | 6 7 8 9 11 12 | 12.9
Fighting       | 2 3 5 6 |  6.4
Short Blades   | 1 2 4 5 |  5.8
Stealth        | 2 3 4 |  4.2
Spellcasting   | 3 4 |  4.8
Necromancy     | 2 3 |  3.6
Dodging        | |  2.1

Action                   |  1- 3 |  4- 6 |  7- 9 | 10-12 || total
-------------------------+-------+-------+-------+-------++-------
Melee: Dagger            |    13 |    33 |   307 |    52 ||   405
 Fire: Hunting sling     |    59 |   100 |   186 |   103 ||   448
Throw: Tomahawk          |       |       |     8 |     5 ||    13
 Cast: Animate Skeleton  |       |       |    19 |     9 ||    28
       Pain              |       |       |     3 |     7 ||    10
Evoke: Wand              |       |     2 |    16 |    13 ||    31
       Sack of spiders   |       |       |       |     2 ||     2
       Box of beasts     |       |       |       |     1 ||     1
  Use: Scroll            |       |       |    13 |     2 ||    15
       Potion            |       |       |    10 |     3 ||    13
 Stab: Sleeping          |     1 |       |     1 |     3 ||     5
  Eat: Chunk             |       |     5 |    24 |     4 ||    33
       Royal jelly       |       |       |     2 |       ||     2
Armor: Leather armour    |     5 |     8 |    99 |       ||   112
       Skin              |       |       |     3 |    33 ||    36
Dodge: Dodged            |    23 |    35 |   209 |    56 ||   323
Block: Buckler           |       |       |    55 |    14 ||    69

Table legend:
 A = Spawn XP
 B = Non-spawn XP
 C = Spawn XP percentage of total XP
 D = Spawn monster count
 E = Non-spawn monster count
 F = Spawn count percentage of total count
 G = Total turns spent on level
                    A         B        C        D         E        F      G
               +---------+---------+-------+---------+---------+-------+---------
         Total |    1184 |    5242 |  18.4 |      16 |     195 |   7.6 |  9624
               +---------+---------+-------+---------+---------+-------+---------
           D:1 |       4 |      26 |  13.3 |       2 |      13 |  13.3 |   715
           D:2 |       0 |      91 |   0.0 |       0 |      18 |   0.0 |   786
           D:3 |       3 |     157 |   1.9 |       2 |      20 |   9.1 |  1068
           D:4 |     122 |     536 |  18.5 |       3 |      34 |   8.1 |  1075
           D:5 |      49 |     612 |   7.4 |       2 |      16 |  11.1 |  1247
           D:6 |      34 |     272 |  11.1 |       1 |       9 |  10.0 |   808
           D:7 |      40 |     344 |  10.4 |       1 |      20 |   4.8 |  1351
           D:8 |     150 |    1156 |  11.5 |       3 |      22 |  12.0 |  1048
           D:9 |     782 |    1043 |  42.8 |       2 |      15 |  11.8 |   847
         Orc:1 |       0 |    1005 |   0.0 |       0 |      28 |   0.0 |   404
               +---------+---------+-------+---------+---------+-------+---------
